 Dungeon Crawl Stone Soup version 0.30-a0-1082-g70414cbcbb (webtiles) character file.

Game seed: 11215961100780856140

422 funkygono the Shield-Bearer (level 6, -7/56 HPs)
             Began as a Minotaur Fighter on Apr 16, 2023.
             Splashed by a jelly's acid (8 damage)
             ... on level 5 of the Dungeon.
             The game lasted 00:06:37 (3223 turns).

funkygono the Shield-Bearer (Minotaur Fighter)      Turns: 3223, Time: 00:06:38

Health: -7/56      AC:  2    Str: 23    XL:     6   Next: 63%
Magic:  5/5        EV:  8    Int:  5    God:
Gold:   317        SH: 10    Dex:  9    Spells: 5/5 levels left

rFire   . . .      SeeInvis .    a - +0 war axe
rCold   + . .      Faith    .    c - +0 buckler
rNeg    . . .      Spirit   .    n - +0 chain mail
rPois   .          Reflect  +    s - +1 hat
rElec   .          Rampage  .    e - scarf {repulsion}
rCorr   .                        (no gloves)
Will    .....                    (no boots) Stlth
                                 m - amulet of reflection
HPRegen 0.29/turn                k - ring of protection from cold
MPRegen 0.09/turn                (no ring)

@: corroded, repel missiles
A: horns 2, retaliatory headbutt
a: no special abilities


You were on level 5 of the Dungeon.
You visited 2 branches of the dungeon, and saw 6 of its levels.

You collected 317 gold pieces.

Inventory:

Hand Weapons
 a - a +0 war axe (weapon)
Missiles
 f - 6 poisoned darts (quivered)
 g - 8 atropa-tipped darts
 u - 2 throwing nets
Armour
 c - a +0 buckler (worn)
 e - a scarf of repulsion (worn)
 n - a +0 chain mail (worn)
 s - a +1 hat (worn)
Jewellery
 k - a ring of protection from cold (left hand)
 m - an amulet of reflection (around neck)
Wands
 q - a wand of light (6)
 x - a wand of paralysis (10)
Scrolls
 j - a scroll of identify
 w - a scroll of teleportation
Potions
 b - a potion of berserk rage
 d - a potion of might
 h - 2 potions of brilliance
 i - a potion of ambrosia {unknown}
 l - 3 potions of mutation
 o - a potion of curing {unknown}
 p - a potion of magic {unknown}
 r - 2 potions of flight
 t - a potion of invisibility {unknown}
 v - a potion of degeneration {unknown}


   Skills:
 + Level 5.0 Fighting
 + Level 5.1 Axes
 + Level 4.9 Armour
 + Level 1.4 Dodging
 + Level 0.2 Stealth
 + Level 5.7 Shields


You had 5 spell levels left.
You didn't know any spells.
Your spell library contained the following spells:

 Spells                   Type           Power      Damage    Failure   Level
 Apportation              Tloc           0%         N/A       98%         1
 Necrotise                Necr           0%         1d4       98%         1
 Sandblast                Erth           0%         2d4       98%         1
 Slow                     Hex            0%         N/A       98%         1
 Summon Small Mammal      Summ           0%         N/A       98%         1
 Passwall                 Tmut/Erth      0%         N/A       99%         2
 Call Canine Familiar     Summ           0%         N/A       100%        3
 Confusing Touch          Hex            0%         N/A       100%        3
 Stone Arrow              Conj/Erth      0%         3d7       100%        3
 Summon Guardian Golem    Hex/Summ       0%         N/A       100%        3
 Vampiric Draining        Necr           0%         2d6       100%        3


Dungeon Overview and Level Annotations

Branches:
Dungeon (5/15)             Temple (1/1) D:4

Altars:
Ashenzari
Elyvilon
Kikubaaqudgha
Makhleb
Trog
Uskayaw
Vehumet
Wu Jian
Xom
Zin
Lugonu

Shops:
D:3 (

Annotations:
D:5 Grinder


Innate Abilities, Weirdness & Mutations

You have a pair of horns on your head.
You reflexively headbutt those who attack you in melee.


Message History

The jelly barely misses you.
Grinder says, "There's only one good use for a tongue: cutting it out."
The jelly hits you but does no damage.
You hit the jelly but do no damage.
Your hands burn!
The jelly is heavily wounded.
You closely miss Grinder. You block Grinder's attack.
The jelly hits you but does no damage.
You hit Grinder.
Grinder is heavily wounded.
You barely miss the jelly. Grinder closely misses you.
You block the jelly's attack.
Unknown command.
You closely miss Grinder.
Grinder is heavily wounded.
You hit the jelly but do no damage.
Your hands burn!
You block the jelly's attack. Grinder closely misses you.
You furiously retaliate!
You headbutt Grinder.
Unknown command.
You slash Grinder! You headbutt Grinder.
Grinder is almost dead.
You hit the jelly but do no damage.
Your hands burn!
The jelly barely misses you. You furiously retaliate!
You headbutt the jelly. Grinder hits you!
* * * LOW HITPOINT WARNING * * *
You writhe in agony.
* * * LOW HITPOINT WARNING * * *
The jelly hits you but does no damage. You block Grinder's attack.
You hit Grinder but do no damage.
Grinder is almost dead.
You hit the jelly.
Your hands burn!
* * * LOW HITPOINT WARNING * * *
You block the jelly's attack.
Grinder blinks!
You hit the jelly. The acid corrodes you!
Your hands burn!
* * * LOW HITPOINT WARNING * * *
Your headbutt misses the jelly.
The jelly is almost dead.
The jelly hits you.
* * * LOW HITPOINT WARNING * * *
You are splashed with acid!
You die...

####### #.# #. .......##.#
########.## +#
..........## ##.....#....
# .......#..###...........
##.##
#.........##.....5..b...
.....
####...#............>..?
.###.
######......#.............
#..
.......#........$.........
.....
.........###.#..@J........
..### ........##
#...ยง.......... . #.
.......## ##...!......>..
##. ....... #........_....
###.. .......
.....##[#....#####..[#
....... ..###..#.#.####
#...### ###..$. ...
##)....# ##.### #.... ..
...#######[.#####
#...........


You could see Grinder and a jelly.

Vanquished Creatures
  A scorpion (D:4)
  A hound (D:4)
  2 iguanas
  Natasha (thrice) (D:2)
  3 gnolls (D:4)
  6 adders
  A white imp (D:5)
  3 worms
  A dart slug (D:2)
  8 orcs
  4 ball pythons
  5 bats
  6 endoplasms
  10 giant cockroaches
  16 goblins
  4 hobgoblins
  4 jackals (D:3)
  4 quokkas
  A frilled lizard (D:3)
  9 kobolds
  3 rats
  A spectral kobold (D:3)
96 creatures vanquished.

Vanquished Creatures (others)
  2 demonic plants (Temple)
  7 plants (D:4)
9 creatures vanquished.

Grand Total: 105 creatures vanquished

Notes
Turn   | Place    | Note
-------+----------+-------------------------------------------
     0 | D:1      | funkygono the Minotaur Fighter began the quest for the Orb.
     0 | D:1      | Reached XP level 1. HP: 19/19 MP: 0/0
    73 | D:1      | Reached XP level 2. HP: 18/27 MP: 1/1
   346 | D:1      | Reached XP level 3. HP: 33/33 MP: 2/2
   657 | D:2      | Reached skill level 1 in Dodging
  1119 | D:2      | Reached XP level 4. HP: 38/41 MP: 3/3
  1173 | D:2      | Noticed Natasha
  1186 | D:2      | Killed Natasha
  1512 | D:2      | Noticed Natasha
  1519 | D:2      | Killed Natasha
  1756 | D:2      | Noticed Natasha
  1760 | D:2      | Killed Natasha
  1761 | D:2      | Reached XP level 5. HP: 45/47 MP: 4/4
  1990 | D:3      | Found a faded altar of an unknown god.
  2122 | D:3      | Found Udwiavva's Antique Weapon Shop.
  2398 | D:4      | Reached skill level 5 in Shields
  2464 | D:4      | Reached XP level 6. HP: 31/53 MP: 5/5
  2616 | D:4      | Reached skill level 5 in Axes
  2654 | D:4      | Found a staircase to the Ecumenical Temple.
  2663 | Temple   | Entered the Ecumenical Temple
  2728 | D:4      | Found a white marble altar of Elyvilon.
  2970 | D:5      | Entered Level 5 of the Dungeon
  3092 | D:5      | Reached skill level 5 in Fighting
  3138 | D:5      | Found a burning altar of Makhleb.
  3143 | D:5      | Identified the +1 robe of Virtue {Rampage rF+ rCorr}
  3207 | D:5      | Found a shimmering altar of Xom.
  3207 | D:5      | Noticed Grinder
  3223 | D:5      | HP: 2/56 [acid (5)]
  3223 | D:5      | Splashed by a jelly's acid

Illustrated notes

Levels and vault maps discovered:
D:1:      wander_arrival_estate, layout_basic,
          nicolae_concentric_dashed_squares_mild, minmay_worlds_worst_comb
D:2:      layout_basic, uniq_natasha
D:3:      layout_rooms, dreamdust_ecumenical_altar_drowned_temple, serial_shops,
          shop, dk_noncrumbling_3
D:4:      layout_rooms, elyvilon_altar_4, minmay_temple_entry_overgrown,
          guppyfry_early_lair_pool
D:5:      layout_rooms, xom_butterflies, mainiacjoe_overflow_24_doors,
          uniq_grinder
Temple:   corrupted_temple

Skill      XL: |  1  2  3  4  5  6 |
---------------+-------------------+-----
Fighting       | 4 5 |  5.0
Shields        | 4 5 |  5.7
Axes           | 3 4 5 |  5.1
Dodging        | 1 |  1.4
Armour         | 4 |  4.9
Stealth        | |  0.2

Action                     |  1- 3 |  4- 6 || total
---------------------------+-------+-------++-------
  Melee: War axe           |   112 |   143 ||   255
         Headbutt          |    10 |    20 ||    30
    Use: Scroll            |       |     8 ||     8
 Armour: Scale mail        |    40 |       ||    40
         Chain mail        |    10 |    53 ||    63
  Dodge: Dodged            |    53 |    65 ||   118
         Repelled          |       |     1 ||     1
  Block: Buckler           |    39 |    79 ||   118
         Reflection        |       |     1 ||     1

Table legend: (Time is in decaauts)
 A = Elapsed time spent in this place.
 B = Non-inter-level travel time spent in this place.
 C = Inter-level travel time spent in this place.
 D = Time resting spent in this place.
 E = Time spent auto-exploring this place.
 F = Levels seen in this place.
 G = Mean time per level.
                   A        B        C        D        E       F      G
               +--------+--------+--------+--------+--------+-----+--------+
         Total |   3327 |   3191 |    136 |     35 |   2093 |   6 |  554.5 |
       Dungeon |   3274 |   3152 |    122 |     35 |   2067 |   5 |  654.8 |
        Temple |     53 |     40 |     13 |      0 |     26 |   1 |   53.0 |
               +--------+--------+--------+--------+--------+-----+--------+

Top non-repeatable levels by time:
     D:2: 1362 daAuts
     D:1: 592 daAuts
     D:4: 562 daAuts
     D:3: 497 daAuts
     D:5: 260 daAuts
  Temple: 53 daAuts
